cohdb
Replays
Latest Replays
All Replays
Popular Replays
Top Player Replays
Match Explorer
How It Works
Community
CoH3 Stats
Reddit
Sign in to upload your games and track your stats! →
Sign in with Steam
Match 39650003
Unlisted
Match 39650003
Overview
Messages
Build Orders
End
Construct Barracks
Engineer Squad
Riflemen Squad
Selects Special Operations Battlegroup
Riflemen Squad
Mechanized Support Center
Riflemen Squad
M1918 Browning Automatic Rifles
Selects Raiding Flares
Construct Motor Pool
M3 75 mm Gun Motor Carriage
Construct Medical Station
Selects SSF Commando Squad
SSF Commando Squad
Designate Forward Repair Station
M16 Multiple Gun Motor Carriage
Salvage Crew
Construct Tank Depot
Strategist
TidaL
HeroSandwich
Huelebragas
DoodlingFOX
Lil Pijon
Ashkan_Hunter
St. George Floyd
0
0
Comments
sign in to comment!
No comments posted yet!